[Event "*** Titled Tuesday Blitz"]
[Site "Chess.com"]
[Date "2019.12.03"]
[Round "4"]
[White "oskariot"]
[Black "pedromartinez91"]
[Result "0-1"]
[WhiteElo "2684"]
[BlackElo "2526"]
[TimeControl "180+2"]
[EndTime "13:52:59 PST"]
[Termination "pedromartinez91 won by checkmate"]

1. e4 e6 2. d4 d5 3. Nd2 Nf6 4.
e5 Ne4 5. f4 Qh4+ 6. Ke2 Qf2+ 7. Kd3 Nc6 8. c3 Qxf4 9. Ndf3 Qf5 10. Ke2 f6 11. exf6 gxf6 12. Be3 Bd7 13. Ke1 O-O-O 14. Bd3 e5 15. dxe5 Nxe5 16. Nxe5 fxe5 17. Qe2 Qe6 18. Bxe4 dxe4 19. Nh3 Rg8 20. Rg1 Be7 21. Nf2 Qd5 22. Qc2 Bc6 23. b3 Qf7 24. Rd1 h5 25. Rxd8+ Rxd8 26. Ke2 Qg6 27. c4 Bb4 28. Rd1 Rxd1 29. Qxd1 Qxg2 30. Qc1 Qf3+ 31. Kf1 Bd7 32. Kg1 h4 33. h3 Qg3+ 34. Kf1 Bxh3+ 35. Nxh3 Qxh3+ 36. Ke2 Qf3# 0-1

[Event "*** Titled Tuesday Blitz"]
[Site "Chess.com"]
[Date "2019.12.03"]
[Round "4"]
[White "skoularikii"]
[Black "Noam_Vitenberg"]
[Result "1-0"]
[WhiteElo "2548"]
[BlackElo "2351"]
[TimeControl "180+2"]
[EndTime "13:53:01 PST"]
[Termination "skoularikii won on time"]

1. d4 d5 2. Nf3 Nf6 3. g3 Bf5 4. Bg2 e6 5. O-O Be7 6. Nh4 Bg4 7. h3 Bh5 8. c4 c6 9. Qb3 Bxe2 10. Qxb7 Nbd7 11.
cxd5 Bxf1 12. dxe6 Bxg2 13. exd7+ Nxd7 14. Nxg2 O-O 15. Nc3 c5 16. Bf4 cxd4 17. Nd5 Bc5 18. b4 Bb6 19. Re1 Nf6 20. Ne7+ Kh8 21. a4 d3 22.
a5 Bd4 23. Nc6 Qd5 24. Rd1 Ne4 25. Be3 Bf6 26. Nf4 Qb3 27. Rxd3 Qb1+ 28. Kg2 Bg5 29.
Ne5 Bxf4 30. Bxf4 Nf6 31. Nxf7+ Kg8 32. Nh6+ gxh6 33. Bxh6 Nh5 34. Qd5+ Kh8 35. Qxh5 Qxd3 36. Qe5+ 1-0

[Event "*** Titled Tuesday Blitz"]
[Site "Chess.com"]
[Date "2019.12.03"]
[Round "4"]
[White "GremioPrudente"]
[Black "SirMittensofMittensville"]
[Result "0-1"]
[WhiteElo "2236"]
[BlackElo "2625"]
[TimeControl "180+2"]
[EndTime "13:53:04 PST"]
[Termination "SirMittensofMittensville won by resignation"]

1. Nf3 Nf6 2. c4 e6 3. d4 Bb4+ 4. Bd2 Bxd2+ 5. Nbxd2 O-O 6. e4 d6 7. Bd3 e5 8. O-O Qe7 9. h3 c5 10. d5 Nh5 11. Re1 Nf4 12. Nf1 f5 13. exf5 Nxd3 14. Qxd3 Bxf5 15. Qe3 Nd7 16. Ng3 a6 17. Qg5 Qf7 18.
Nxf5 Qxf5 19. Qxf5 Rxf5 20. Nd2 Nf6 21. Ne4 Nxe4 22.
Rxe4 b5 23. Rae1 g5 24. f3 Kg7 25. R1e3 Rf4 26. b3 b4 27. Rxf4 gxf4 28. Re2 a5 29. Kf2 a4 30. Rb2 axb3 31. axb3 Ra1 32. g3 Kf6 33. gxf4 exf4 34. Kg2 Re1 35. Kf2 Re3 36. Rb1 Ke5 37. Rb2 Kd4 38. Rb1 Kc3 39. Rg1 Kxb3 40. Rg4 Rc3 41. Rxf4 Kc2 42. Rf7 b3 43. Rb7 b2 44.
Rxb2+ Kxb2 45. f4 Rxc4 46. f5 Rf4+ 47. Ke3 Rxf5 0-1

[Event "*** Titled Tuesday Blitz"]
[Site "Chess.com"]
[Date "2019.12.03"]
[Round "4"]
[White "RitvarsReimanis"]
[Black "Chesswizard_2007"]
[Result "0-1"]
[WhiteElo "2563"]
[BlackElo "2433"]
[TimeControl "180+2"]
[EndTime "13:53:07 PST"]
[Termination "Chesswizard_2007 won by resignation"]

1. d4 Nf6 2. c4 g6 3. Nc3 Bg7 4. e4 O-O 5. Be2 d6 6. Nf3 e5 7. O-O Nc6 8. d5 Ne7 9. Kh1 Ne8 10. Ne1 f5 11. f4 exf4 12. Bxf4 h6 13. Nd3 g5 14.
Bc1 f4 15. Bg4 Ng6 16. Bxc8 Qxc8 17. c5 Nf6 18. cxd6 cxd6 19. Nf2 Ne5 20. Bd2 Qd7 21. Rc1 Rac8 22. a4 a6 23. Na2 Nc4 24. b3 Ne3 25. Bxe3 fxe3 26. Rxc8 Qxc8 27. e5 dxe5 28. Nd3 Nxd5 29.
Rxf8+ Qxf8 30. Nxe5 Nf4 31. Nf3 e2 32. Qc1 Kh8 33.
Nc3 Nd3 34. Qd2 Qxf3 35. Qxe2 Nf2+ 36. Kg1 Qxc3 37. Kxf2 Bd4+ 38. Kf1 Qc1+ 39. Qe1 Qf4+ 40. Ke2 Qe3+ 41. Kd1 Qxb3+ 42. Ke2 Qe3+ 43. Kd1 Qxe1+ 0-1

[Event "*** Titled Tuesday Blitz"]
[Site "Chess.com"]
[Date "2019.12.03"]
[Round "4"]
[White "Elyon2000"]
[Black "biostatistician"]
[Result "1-0"]
[WhiteElo "2383"]
[BlackElo "2621"]
[TimeControl "180+2"]
[EndTime "13:53:09 PST"]
[Termination "Elyon2000 won by resignation"]

1. d4 Nf6 2. c4 g6 3. Nc3 Bg7 4. Nf3 O-O 5. e4 d6 6. Be2 e5 7. Be3 Ng4 8. Bg5 f6 9. Bh4 Nc6 10. d5 Ne7 11. Nd2 f5 12. Bxg4 fxg4 13.
Bg5 Bd7 14. b4 Rf7 15. c5 Qf8 16. O-O Bh6 17. Bxh6 Qxh6 18. Nc4 Rf6 19. a4 Raf8 20. Nb5 Bxb5 21. axb5 Nc8 22. Qxg4 Qg7 23. f3 h5 24. Qg5 Kh7 25. Rfc1 Qh6 26. Qxh6+ Kxh6 27. Na5 g5 28. Nxb7 g4 29. Ra3 gxf3 30. Rxf3 Rxf3 31. gxf3 Rxf3 32. cxd6 Nxd6 33. Rxc7 Nxb5 34. d6 Rd3 35. Rc5 Nxd6 36. Rc6 Kg5 37. Nxd6 Kf4 38. Nf7 Kxe4 39. Rc5 Rd5 40. Rxd5 Kxd5 41. Kf2 Kc4 42. Nxe5+ Kxb4 43. Nc6+ Kc5 44. Nxa7 Kd4 45. Kg3 Ke5 46. Nc6+ Kf6 47. Kh4 Kg6 48. Nd4 Kh6 49. Ne2 Kg6 50. Ng3 Kh6 51.
Nxh5 1-0

[Event "*** Titled Tuesday Blitz"]
[Site "Chess.com"]
[Date "2019.12.03"]
[Round "4"]
[White "francyIM"]
[Black "Radzio1987"]
[Result "1-0"]
[WhiteElo "2600"]
[BlackElo "2856"]
[TimeControl "180+2"]
[EndTime "13:53:11 PST"]
[Termination "francyIM won by checkmate"]

1. d4 Nf6 2. c4 e6 3. Nf3 b6 4.
a3 Bb7 5. Nc3 d5 6. Bf4 Bd6 7. Bg3 O-O 8. e3 dxc4 9. Bxc4 Nbd7 10.
Qe2 Ne4 11. O-O Nxc3 12. bxc3 Nf6 13. Nd2 c5 14. a4 Bxg3 15. hxg3 Qc7 16. a5 bxa5 17.
Bd3 e5 18. dxe5 Qxe5 19. Nc4 Qd5 20. f3 Rad8 21. Rfd1 Qg5 22. Qf2 Ba6 23. Bf1 Rxd1 24. Rxd1 a4 25. Ra1 Bb5 26. e4 Rd8 27. Ne3 Bxf1 28.
Nxf1 Qe5 29. Qc2 h5 30. Rxa4 Rd7 31. Ra5 Qc7 32. Ra1 Qd6 33. Qf2 Qe5 34. Ra5 Qxc3 35. Rxc5 Qa1 36. Rc8+ Kh7 37. Ra8 Rd1 38. e5 Nd5 39. Rd8 a5 40. g4 a4 41. gxh5 Qb1 42. h6 gxh6 43. e6 fxe6 44. Rd7+ Kh8 45. Kh2 Qb8+ 46.
Ng3 a3 47. Qc2 Qb1 48. Qc8# 1-0

[Event "*** Titled Tuesday Blitz"]
[Site "Chess.com"]
[Date "2019.12.03"]
[Round "4"]
[White "davigator"]
[Black "Region_07"]
[Result "1-0"]
[WhiteElo "2314"]
[BlackElo "2363"]
[TimeControl "180+2"]
[EndTime "13:53:14 PST"]
[Termination "davigator won on time"]

1. e4 Nc6 2. Bb5 Nd4 3. Bc4 e6 4. c3 Nc6 5. d4 d5 6. exd5 exd5 7. Bd3 Nf6 8. Nf3 Bd6 9. O-O O-O 10. Bg5 Bg4 11.
Nbd2 Re8 12. Qc2 h6 13. Bh4 Bxf3 14. Nxf3 Be7 15. Bg3 Bd6 16. Bh4 Be7 17. Rae1 Nd7 18. Bg3 Bd6 19. Bxd6 cxd6 20. Qb3 Nb6 21. a4 Na5 22.
Qa2 Qc7 23. Bb5 Rxe1 24. Rxe1 a6 25. Bf1 Qd7 26. b4 Nc6 27. a5 Nc4 28. Bxc4 dxc4 29. Qxc4 Re8 30. h3 Rxe1+ 31. Nxe1 Qf5 32. Nf3 g5 33.
Qe2 Kg7 34. Qd1 Qf4 35. Qd2 Qf5 36. d5 Ne5 37. Qd4 f6 38. Nd2 Qc2 39. Ne4 Qc1+ 40. Kh2 Qf4+ 41. g3 Qc1 42. Kg2 Qc2 43. Nxd6 Qe2 44.
Qe4 Qd2 45. Nf5+ Kf8 46. c4 h5 47. c5 Kg8 48. d6 Kf7 49. Qxb7+ Kg6 50. Qe4 Kf7 51.
Ne3 Nd3 52. Qe7+ Kg6 53. Qe4+ Kf7 54. Qd5+ Kf8 55. Qf5 Ne1+ 56. Kf1 Nd3 57. Qxf6+ Kg8 58. Qxg5+ Kf7 59. Qxh5+ Kg8 60. Qe2 Qc1+ 61. Kg2 Ne1+ 62. Kh2 1-0

[Event "*** Titled Tuesday Blitz"]
[Site "Chess.com"]
[Date "2019.12.03"]
[Round "4"]
[White "enriquetejedor"]
[Black "HrvojeZagreb"]
[Result "1-0"]
[WhiteElo "2474"]
[BlackElo "2217"]
[TimeControl "180+2"]
[EndTime "13:53:15 PST"]
[Termination "enriquetejedor won by resignation"]

1. e4 e6 2. d4 d5 3. Nc3 dxe4 4. Nxe4 Nd7 5. Nf3 Ngf6 6. Nxf6+ Nxf6 7. Bg5 Be7 8. Bd3 O-O 9. Qe2 c5 10. O-O-O cxd4 11. Kb1 h6 12. Bh4 Nd5 13. Bxe7 Qxe7 14. Qe4 Nf6 15. Qxd4 Bd7 16. Ne5 Rfd8 17. Qh4 Bc6 18.
Rhe1 a5 19. Re3 Qb4 20. Qxb4 axb4 21. f3 Bd5 22. b3 Ra3 23. Kb2 Rda8 24. Ra1 R8a5 25.
Nc4 Bxc4 26. Bxc4 b5 27. Bf1 Nd5 28. Re4 Nc3 29. Rxb4 Nxa2 30. Rxb5 Ra8 31. Bc4 g5 32. h4 gxh4 33. Rh5 Kg7 34. Rxh4 Kf6 35. Rxh6+ Ke7 36. g4 Nb4 37. Rxa3 Rxa3 38. Kxa3 Nxc2+ 39. Kb2 Nd4 40. f4 Nc6 41. f5 e5 42. Rxc6 1-0

[Event "*** Titled Tuesday Blitz"]
[Site "Chess.com"]
[Date "2019.12.03"]
[Round "4"]
[White "TigranLPetrosyan"]
[Black "cool4chess"]
[Result "0-1"]
[WhiteElo "2877"]
[BlackElo "2609"]
[TimeControl "180+2"]
[EndTime "13:53:23 PST"]
[Termination "cool4chess won by resignation"]

1. Nf3 d5 2. g3 Bg4 3. Bg2 c6 4. c4 dxc4 5. Ne5 Be6 6. Qc2 g6 7. Nxc4 Bg7 8. O-O Nf6 9. b3 O-O 10. Bb2 Nd5 11. Bxg7 Kxg7 12. d4 f6 13. Rd1 Bf7 14.
a3 Nd7 15. b4 N7b6 16. Na5 Qd7 17. e4 Nc7 18. Nxb7 Nb5 19. Nc5 Qd6 20. Qd3 Rad8 21.
Nc3 Qxd4 22. Qxd4 Nxd4 23. e5 fxe5 24. Bxc6 Nxc6 25. Nb5 Bc4 26. Nc7 Rxd1+ 27. Rxd1 Rc8 28. N7a6 Nd4 29. f4 Bxa6 30. Nxa6 Rc2 31. Rd3 Nc4 32. Nc5 Nd2 33. Kf2 Ne4+ 34. Ke1 Rc1+ 35. Rd1 Nc2+ 36. Ke2 Rxd1 37. Kxd1 Nxc5 38. Kxc2 Nd7 39. fxe5 Nxe5 40.
a4 Kf6 41. Kc3 Nc6 42. Kc4 e5 43. b5 Na5+ 44. Kb4 Nb7 45. a5 Nd6 46. b6 axb6 47.
axb6 e4 48. Kc3 Ke5 49. h4 Kd5 50. Kc2 Kc6 0-1

[Event "*** Titled Tuesday Blitz"]
[Site "Chess.com"]
[Date "2019.12.03"]
[Round "4"]
[White "Alexander_Donchenko"]
[Black "Kildepiotr"]
[Result "1-0"]
[WhiteElo "2739"]
[BlackElo "2522"]
[TimeControl "180+2"]
[EndTime "13:53:23 PST"]
[Termination "Alexander_Donchenko won by resignation"]

1. e4 g6 2. d4 Bg7 3. c4 d6 4. Nc3 Nd7 5. Nf3 e5 6. Be3 Ngf6 7. Be2 Ng4 8. Bg5 f6 9. Bd2 c6 10. O-O O-O 11. b4 f5 12. dxe5 Ngxe5 13. Nxe5 Nxe5 14.
Qc2 f4 15. f3 Be6 16. Na4 g5 17. Rad1 Qe8 18. c5 d5 19. exd5 Bxd5 20. Nc3 Be6 21. Ne4 Qh5 22. Bc3 g4 23. fxg4 Bxg4 24. Bxe5 Bxe5 25.
Bxg4 Qxg4 26. h3 Qg6 27. Qc4+ Kh8 28. Nd2 Rg8 29. Rf2 Raf8 30. Nf3 Bg7 31. Rd7 b5 32. Qc2 Qh5 33. Rxa7 Bf6 34. Rd2 Rg3 35. Rdd7 Bd4+ 36. Rxd4 Rfg8 37. Rdd7 Rxg2+ 38. Qxg2 Rxg2+ 39. Kxg2 Qg6+ 40. Kf2 Qc2+ 41. Nd2 1-0

[Event "*** Titled Tuesday Blitz"]
[Site "Chess.com"]
[Date "2019.12.03"]
[Round "4"]
[White "AnubisInmortal03"]
[Black "andrzej"]
[Result "1-0"]
[WhiteElo "2573"]
[BlackElo "2368"]
[TimeControl "180+2"]
[EndTime "13:53:24 PST"]
[Termination "AnubisInmortal03 won on time"]

1. e4 c6 2. Nf3 d5 3. exd5 cxd5 4. d4 Nc6 5. Bd3 g6 6. O-O Bg7 7. h3 Nf6 8. c3 O-O 9. Bf4 Bf5 10. Bxf5 gxf5 11. Nbd2 e6 12. Ne1 Ne4 13. f3 Nd6 14. Nd3 Kh8 15. Kh1 Ne7 16. Be5 Ng6 17. Bxg7+ Kxg7 18. Qe2 Qg5 19. Rae1 Rad8 20. Kh2 Kh8 21. g3 Rg8 22. Rg1 Nc4 23. f4 Qf6 24. Nxc4 dxc4 25.
Ne5 Nxe5 26. fxe5 Qg5 27. Qxc4 f4 28. g4 Qh4 29. Qe2 h5 30. Ref1 hxg4 31. Rxg4 Qh6 32. Rfxf4 Rxg4 33. Qxg4 Qh7 34. Qh4 Qxh4 35. Rxh4+ Kg7 36.
Kg3 b5 37. Kf4 b4 38. Ke4 bxc3 39. bxc3 Rb8 40. Rg4+ Kf8 41. Rg2 Rb1 42. c4 Rc1 43. Kd3 Rh1 44. Rg3 Ra1 45. Rg2 Rh1 46. Kc3 Rxh3+ 47. Kb4 Ke7 48. Kc5 Ra3 49. Rb2 Kd7 50. d5 1-0

[Event "*** Titled Tuesday Blitz"]
[Site "Chess.com"]
[Date "2019.12.03"]
[Round "4"]
[White "laboratorio25"]
[Black "Witik"]
[Result "1-0"]
[WhiteElo "2445"]
[BlackElo "2589"]
[TimeControl "180+2"]
[EndTime "13:53:28 PST"]
[Termination "laboratorio25 won by resignation"]

1. e4 c6 2. d4 d5 3. Nd2 dxe4 4. Nxe4 Nf6 5. Nxf6+ exf6 6. Nf3 Bd6 7. Bd3 O-O 8. O-O Re8 9. h3 Nd7 10. c3 Nf8 11.
Re1 Be6 12. Bd2 Ng6 13. Qc2 Qd7 14. Bxg6 hxg6 15. Qd3 g5 16. Nh2 Rab8 17. Nf1 Rbd8 18. Be3 Bb8 19. Qc2 g6 20. f3 Kg7 21. Bf2 Bxh3 22. gxh3 Qxh3 23. Be3 Qxf3 24. Qg2 Qh5 25.
Bf2 f5 26. Rxe8 Rxe8 27. Re1 Rh8 28. Re7 f4 29. Nh2 Qd1+ 30. Be1 Bd6 31. Qe2 Qb1 32. Re8 Rxe8 33. Qxe8 f3 34. Nxf3 g4 35. Ng5 Qf5 36.
Ne4 Bf4 37. Ng3 Qb1 38. Kg2 Qxb2+ 39. Qe2 Qxc3 40. Bxc3 1-0

[Event "*** Titled Tuesday Blitz"]
[Site "Chess.com"]
[Date "2019.12.03"]
[Round "4"]
[White "vpantev"]
[Black "jefferyx"]
[Result "0-1"]
[WhiteElo "2590"]
[BlackElo "2896"]
[TimeControl "180+2"]
[EndTime "13:53:30 PST"]
[Termination "jefferyx won by resignation"]

1. d4 g6 2. Bf4 Bg7 3. e3 d6 4.
Nf3 Nd7 5. h3 e5 6. Bh2 Nh6 7.
c3 O-O 8. Qb3 Qe7 9. Be2 Kh8 10.
a4 b6 11. a5 Bb7 12. O-O f5 13. axb6 axb6 14. Rxa8 Rxa8 15. Na3 f4 16. dxe5 fxe3 17. exd6 cxd6 18. Qd1 Nf5 19. Nc2 exf2+ 20. Rxf2 Nc5 21.
Nfd4 Nxd4 22. Nxd4 Bh6 23. Kh1 Ne4 24. Rf1 Be3 25.
Bf3 Nf2+ 26. Rxf2 Bxf2 27. Bxb7 Qxb7 28. Bxd6 Re8 29. Kh2 Qd5 30. Bc7 Qf7 31. Bg3 Re1 32. Qxe1 Bxe1 33. Bxe1 Qf4+ 34. Bg3 Qc1 35. Nf3 Qxb2 36.
Be5+ Kg8 37. Bd4 Qb3 38. Kg3 b5 39. Kf2 Qd5 40. Kg3 Kf7 41. Kf2 Ke6 42. Kg3 Kf5 43. Kf2 Ke4 44. Kg3 Kd3 45. Ne5+ Ke2 46. Nf3 g5 47.
Bf6 h6 48. Kh2 Kf1 49. Kg3 Qa2 50. Nh2+ Kg1 51. Bd4+ Kh1 52. Bf2 Qe2 53. Nf3 h5 54.
Nxg5 h4+ 55. Kxh4 Qxf2+ 0-1

[Event "*** Titled Tuesday Blitz"]
[Site "Chess.com"]
[Date "2019.12.03"]
[Round "4"]
[White "Kostya_Nikologorskiy"]
[Black "WeAintSurePal"]
[Result "1-0"]
[WhiteElo "2651"]
[BlackElo "2376"]
[TimeControl "180+2"]
[EndTime "13:53:30 PST"]
[Termination "Kostya_Nikologorskiy won by resignation"]

1. d4 d5 2. c4 e6 3. Nc3 a6 4. cxd5 exd5 5. Nf3 Nf6 6. Bg5 c6 7. Qc2 Be6 8. e3 Nbd7 9. Bd3 Be7 10. O-O O-O 11. Rab1 Re8 12. b4 h6 13. Bh4 Nb6 14. Ne5 Nc4 15. Bxc4 dxc4 16. f4 Nd5 17. Bxe7 Qxe7 18.
Qd2 Nxc3 19. Qxc3 Bd5 20. Rbe1 Be4 21. Qxc4 Rad8 22. f5 Bd5 23. Qc2 f6 24. Ng6 Qe4 25. Qd2 Bf7 26. Rf4 Qd5 27. a3 Bxg6 28. fxg6 Re4 29.
Rxe4 Qxe4 30. Qa2+ Kh8 31. Qb1 Qd5 32. Qd3 Rd6 33. Rf1 Kg8 34. Rf5 Qa2 35. h3 Qe6 36. e4 Qe8 37. Qc4+ Qe6 38. Qxe6+ Rxe6 39. Rf4 Kf8 40. Kf2 Ke7 41. Ke3 Kd6 42. g4 Re8 43. Rf5 b6 44. h4 Re7 45. Kf4 Re6 46. a4 Kd7 47. a5 b5 48. d5 Rd6 49. g5 fxg5+ 50.
hxg5 Rxg6 51. Rf7+ Kd6 52. gxh6 gxh6 53. Ra7 Rf6+ 54.
Ke3 cxd5 55. Rxa6+ Ke5 56. Rxf6 Kxf6 57. a6 1-0

[Event "*** Titled Tuesday Blitz"]
[Site "Chess.com"]
[Date "2019.12.03"]
[Round "4"]
[White "misha_melnichuk"]
[Black "Manukyan_Artak"]
[Result "0-1"]
[WhiteElo "2484"]
[BlackElo "2348"]
[TimeControl "180+2"]
[EndTime "13:53:30 PST"]
[Termination "Manukyan_Artak won by resignation"]

1. Nf3 c5 2. c4 Nc6 3. Nc3 g6 4. g3 Bg7 5. Bg2 h5 6. h4 Nh6 7. O-O Nf5 8. d3 O-O 9. Bg5 d6 10. Qd2 Rb8 11. Rab1 a6 12. Nd5 b5 13. e4 Nfd4 14. Nxd4 Bxd4 15. b3 Re8 16. Kh2 Ne5 17. f3 Bb7 18. Bh3 Bc8 19. Be3 Bxh3 20. Kxh3 bxc4 21. dxc4 Bxe3 22. Nxe3 a5 23. Kg2 Nc6 24. g4 hxg4 25. Nxg4 Ne5 26. Qh6 Nxg4 27. fxg4 Qd7 28. Kg3 Qe6 29. Rf4 Qe5 30. Rf1 Rf8 31. Kg2 a4 32. h5 Qg7 33. Qxg7+ Kxg7 34. hxg6 Kxg6 35. R4f3 axb3 36. axb3 Ra8 37. Kg3 f6 38. Kf4 Ra3 39. Rh1 Rb8 40. Rb1 Rb4 41. Rb2 Ra1 42. Rc2 Rb1 43.
Rcc3 Rb2 44. Rcd3 Re2 45. Rde3 Rxe3 46. Rxe3 Rb8 47. Rg3 e5+ 48. Ke3 Rxb3+ 49. Kf2 Rxg3 50. Kxg3 Kg5 0-1

[Event "*** Titled Tuesday Blitz"]
[Site "Chess.com"]
[Date "2019.12.03"]
[Round "4"]
[White "kleopl"]
[Black "nmpdk"]
[Result "1-0"]
[WhiteElo "2496"]
[BlackElo "2331"]
[TimeControl "180+2"]
[EndTime "13:53:30 PST"]
[Termination "kleopl won on time"]

1. c4 e5 2. Nc3 Nc6 3. Nf3 Nf6 4. e4 Bc5 5. Nxe5 Nxe5 6. d4 Bb4 7. dxe5 Nxe4 8.
Qf3 Nxc3 9. bxc3 Bc5 10. Qg3 Kf8 11. Bd3 d6 12. Bg5 Qe8 13. O-O Qxe5 14. Bf4 Qf6 15. Rae1 Bf5 16. Bg5 Qg6 17. Be7+ Kg8 18. Bxf5 Qxf5 19.
Re2 h5 20. Rfe1 Rh6 21. Qh4 Rg6 22. h3 Qf3 23. Bg5 Qf5 24. Bd2 Re6 25. g4 hxg4 26.
hxg4 Qg6 27. Rxe6 fxe6 28. Be3 Bxe3 29. Rxe3 Rf8 30. Kg2 e5 31. c5 Rf4 32. Kg3 Qf7 33. cxd6 cxd6 34. f3 Rc4 35. Rd3 Qf4+ 36. Kh3 Qf6 37.
Qxf6 gxf6 38. Rxd6 Rxc3 39. Rxf6 e4 40. Kg3 Rxf3+ 41.
Rxf3 exf3 42. Kxf3 b5 43. Ke4 a5 44. Kd4 Kg7 45.
Kc5 b4 46. Kb5 Kf6 47. Kxa5 Kg5 48. Kxb4 Kxg4 49. a4 Kf5 50. a5 Ke6 51. a6 Kd7 52. a7 1-0

[Event "*** Titled Tuesday Blitz"]
[Site "Chess.com"]
[Date "2019.12.03"]
[Round "4"]
[White "wnstop"]
[Black "JonahWillow"]
[Result "1-0"]
[WhiteElo "2683"]
[BlackElo "2777"]
[TimeControl "180+2"]
[EndTime "13:53:35 PST"]
[Termination "wnstop won on time"]

1. e4 c5 2. Nf3 Nc6 3. Bb5 g6 4.
Bxc6 dxc6 5. d3 Bg7 6. h3 e5 7.
Be3 b6 8. Nbd2 Ne7 9. Nc4 Qc7 10.
a4 Be6 11. a5 O-O 12. axb6 axb6 13. O-O Bxc4 14. dxc4 Rfd8 15. Qe2 Qb7 16. Bd2 Nc8 17. Bc3 f6 18. Rxa8 Qxa8 19. Rd1 Nd6 20. Kh2 Qc8 21. Rd3 Qe6 22. Qd1 Bf8 23. b3 Ra8 24.
Nd2 Bh6 25. f3 Bf8 26. Nf1 b5 27. cxb5 cxb5 28. Ne3 b4 29. Be1 Nb5 30. Nd5 Qf7 31.
Bh4 g5 32. Bf2 h5 33. Nb6 Rb8 34. Rd7 Qe6 35. Nd5 Nc3 36. Nxc3 bxc3 37. Ra7 Rc8 38.
Qd3 c4 39. bxc4 Rxc4 40. Ra8 Rc8 41. Ra7 h4 42. Qb5 Qc6 43. Qb3+ Qc4 44. Qb7 1-0

[Event "*** Titled Tuesday Blitz"]
[Site "Chess.com"]
[Date "2019.12.03"]
[Round "4"]
[White "Joshukid"]
[Black "Spring199"]
[Result "1-0"]
[WhiteElo "2627"]
[BlackElo "2314"]
[TimeControl "180+2"]
[EndTime "13:53:35 PST"]
[Termination "Joshukid won by resignation"]

1. Nf3 Nf6 2. c4 e6 3. g3 d5 4. Bg2 Be7 5. O-O O-O 6. b3 c5 7.
cxd5 Nxd5 8. Bb2 Nc6 9. d4 b6 10. Nbd2 Bb7 11. Rc1 Rc8 12. Ne4 Nxd4 13. Nxd4 cxd4 14.
Qxd4 f6 15. Bh3 e5 16. Be6+ Kh8 17. Qa4 Rxc1 18. Rxc1 Nc7 19. Qxa7 Bxe4 20. Qxc7 Bc5 21. Qxd8 Rxd8 22. Bc4 Rd2 23. Bc3 Rd8 24. b4 Bd4 25. Bxd4 Rxd4 26. f3 Bb7 27. Bd3 g6 28. Rc7 Bd5 29. a3 Kg8 30. Rd7 Be6 31. Rxd4 exd4 32.
a4 Bd7 33. a5 bxa5 34. bxa5 Bc6 35. Be4 Bb5 36. Bb7 Bxe2 37. a6 Bxa6 38. Bxa6 Kf7 39. Kf2 Ke6 40. Ke2 Ke5 41. Kd3 g5 42. g4 h6 43. Bb7 f5 44. gxf5 Kxf5 45. Kxd4 Kf4 46. h3 h5 47. Kd3 h4 48. Ke2 Kg3 49. Bc8 Kf4 50. Bg4 Ke5 51. Ke3 Kd5 52. Kd3 Ke5 53. Kc4 Kf4 54. Kd4 Kg3 55. Ke4 Kg2 56. Kf5 Kg3 57.
Kxg5 1-0

[Event "*** Titled Tuesday Blitz"]
[Site "Chess.com"]
[Date "2019.12.03"]
[Round "4"]
[White "PowerThinking2650"]
[Black "RiskyDecision"]
[Result "1/2-1/2"]
[WhiteElo "2351"]
[BlackElo "2517"]
[TimeControl "180+2"]
[EndTime "13:53:39 PST"]
[Termination "Game drawn by repetition"]

1. e4 e6 2. d4 d5 3. Nd2 c5 4. Ngf3 cxd4 5. exd5 Qxd5 6. Bc4 Qd6 7. O-O Nf6 8. Nb3 Nc6 9. Nbxd4 Nxd4 10. Nxd4 Be7 11. Nb5 Qc5 12. Be2 a6 13. Be3 Qc6 14. a4 O-O 15. Bf3 Nd5 16. Qd2 Qd7 17. Nd4 Nxe3 18. Qxe3 Qc7 19. Rfd1 Bf6 20. c3 Bd7 21. Qe4 Rab8 22.
a5 Rfd8 23. g3 Be8 24. Kg2 Qc5 25. h4 Bxd4 26. Rxd4 Rxd4 27. Qxd4 Qxd4 28. cxd4 Bd7 29. Rc1 Rc8 30. Rc5 Rxc5 31. dxc5 Bc6 32. Bxc6 bxc6 33. Kf3 f6 34. b4 Kf7 35. h5 g6 36. h6 e5 37. Ke4 Ke6 38. g4 f5+ 39. gxf5+ gxf5+ 40. Kd3 Kd5 41. Kc3 Ke6 42. Kc4 Kf6 43. f3 Ke6 44.
Kc3 Ke7 45. Kd3 Kd7 46. Kc4 Ke6 47. Kc3 Ke7 48. Kc4 Ke6 1/2-1/2

[Event "*** Titled Tuesday Blitz"]
[Site "Chess.com"]
[Date "2019.12.03"]
[Round "4"]
[White "resha1988"]
[Black "Olga_Zhuravleva"]
[Result "1/2-1/2"]
[WhiteElo "2739"]
[BlackElo "2245"]
[TimeControl "180+2"]
[EndTime "13:53:41 PST"]
[Termination "Game drawn by repetition"]

1. Nc3 d5 2. e4 dxe4 3. Nxe4 Nf6 4. Nxf6+ exf6 5. d4 Bd6 6. Bd3 O-O 7. Ne2 Nc6 8. c3 Re8 9. Qc2 h6 10. O-O Bg4 11.
h3 Be6 12. Nf4 Bd7 13. Bd2 Ne7 14. Rfe1 c6 15. Re2 Qc7 16. Rae1 Bxf4 17. Bxf4 Qxf4 18. Rxe7 Qd6 19. Rxe8+ Rxe8 20. Rxe8+ Bxe8 21. Qe2 Bd7 22. Qe3 Be6 23. a3 Qc7 24. c4 Qb6 25. b4 Kf8 26.
Qe4 g6 27. Qf4 Kg7 28. Qe3 a5 29. c5 Qd8 30. b5 cxb5 31. Bxb5 Qd5 32. Be2 Qa2 33.
Bf3 Qb1+ 34. Kh2 Qb5 35. d5 Bc8 36. Qd4 Qd7 37. g3 Qf5 38. Bg2 h5 39. h4 Qd7 40.
Qc3 Qa4 41. c6 bxc6 42. dxc6 Qb5 43. c7 Qb6 44. Kg1 Qb1+ 45. Kh2 Qb6 46. Qc2 Qe6 47. Qc3 Qb6 1/2-1/2

[Event "*** Titled Tuesday Blitz"]
[Site "Chess.com"]
[Date "2019.12.03"]
[Round "4"]
[White "vova-79"]
[Black "Azatic"]
[Result "1-0"]
[WhiteElo "2489"]
[BlackElo "2623"]
[TimeControl "180+2"]
[EndTime "13:53:44 PST"]
[Termination "vova-79 won by checkmate"]

1. d4 Nf6 2. c4 g6 3. Nf3 Bg7 4. g3 O-O 5. Bg2 d6 6. Nc3 Nc6 7. O-O a6 8. Qd3 e5 9. dxe5 Nxe5 10. Nxe5 dxe5 11. Qxd8 Rxd8 12. Bg5 Re8 13. Nd5 Nxd5 14.
cxd5 Bd7 15. Rac1 Rac8 16. d6 cxd6 17. Bxb7 Rb8 18. Rc7 Be6 19. b3 d5 20. Bxa6 Ra8 21.
Bb5 Rec8 22. Rxc8+ Rxc8 23. Rc1 Rb8 24. a4 h6 25. Be7 d4 26. b4 Bf8 27. Bxf8 Kxf8 28. f4 exf4 29. gxf4 Ke7 30. Rc5 Kd6 31. a5 Bd7 32.
Bxd7 Kxd7 33. Rd5+ Kc6 34. Rxd4 Kb5 35. Rd7 Kxb4 36.
a6 Re8 37. a7 Kc5 38. Rxf7 g5 39. f5 Kd6 40. Kf2 Ke5 41. Kf3 h5 42. h3 Rg8 43.
e3 Rc8 44. f6 Ke6 45. Rb7 Ra8 46. f7 Kf6 47. Rb8 g4+ 48. hxg4 hxg4+ 49. Kxg4 Rxa7 50.
f8=Q+ Ke6 51. Rb6+ Kd5 52. Qf5+ Kc4 53. Rc6+ Kb4 54.
Qc5+ Kb3 55. Qxa7 Kb4 56. Qb7+ Ka4 57. Ra6# 1-0

[Event "*** Titled Tuesday Blitz"]
[Site "Chess.com"]
[Date "2019.12.03"]
[Round "4"]
[White "IgorBjelobrk"]
[Black "SCIM"]
[Result "0-1"]
[WhiteElo "2683"]
[BlackElo "2516"]
[TimeControl "180+2"]
[EndTime "13:53:45 PST"]
[Termination "SCIM won by resignation"]

1. Nf3 Nf6 2. c4 g6 3. Nc3 d5 4. d4 Bg7 5. h4 c6 6. Bg5 Ne4 7.
e3 Bg4 8. Be2 Nd7 9. Qb3 Nxc3 10.
bxc3 dxc4 11. Qxb7 O-O 12. O-O h6 13. Bf4 e5 14. dxe5 Bxf3 15. Bxf3 Nxe5 16. Bxe5 Bxe5 17. Qxc6 Qxh4 18. g3 Bxg3 19. fxg3 Qxg3+ 20. Bg2 Qxe3+ 21. Kh1 Qxc3 22. Rac1 Qe5 23. Qxc4 Rac8 24. Qxc8 Rxc8 25. Rxc8+ Kg7 26. Rc2 a5 27. Rcf2 Qh5+ 28. Kg1 Qc5 29. Bf3 f5 30. Kg2 h5 31. Rd1 Kh6 32. Rd5 Qb4 33.
Rc2 Kg5 34. Rcd2 h4 35. R5d4 Qc3 36. Kf2 Qc5 37. a4 Qb6 38. Ke2 Qe6+ 39. Kf2 Qb6 40. Bd5 Qc5 41. Ke3 Qc1 42. Kd3 h3 43. Rc4 Qf1+ 44.
Kd4 h2 45. Rg2+ Kf4 46. Kc5+ Ke5 47. Rxg6 Qg1+ 48. Kc6 Qxg6+ 49. Kb5 Kxd5 0-1

[Event "*** Titled Tuesday Blitz"]
[Site "Chess.com"]
[Date "2019.12.03"]
[Round "4"]
[White "Elshan1985"]
[Black "champ2005"]
[Result "1-0"]
[WhiteElo "2737"]
[BlackElo "2948"]
[TimeControl "180+2"]
[EndTime "13:53:46 PST"]
[Termination "Elshan1985 won by resignation"]

1. d4 Nf6 2. Nf3 e6 3. c4 Nc6 4. g3 Bb4+ 5. Bd2 Qe7 6. Nc3 d6 7. Bg2 Bxc3 8. Bxc3 e5 9. d5 Nb8 10. Nd2 a5 11. O-O h5 12. h3 Nbd7 13. e3 Nc5 14.
Qe2 Bd7 15. b3 c6 16. e4 cxd5 17. exd5 Bf5 18. Rfe1 O-O 19. Nf1 Qd7 20. Kh2 Bg6 21. f3 b5 22. Ne3 bxc4 23. bxc4 h4 24. g4 Nh7 25. Qd2 f5 26. f4 fxg4 27. fxe5 g3+ 28.
Kg1 Rf2 29. Qd4 Nd3 30. e6 Qe7 31. Ng4 Rf4 32. Be4 Ng5 33. Qxd3 Bxe4 34. Rxe4 Rxe4 35.
Bd2 Nxh3+ 36. Kg2 Nf4+ 37. Bxf4 Rxf4 38. Qg6 Raf8 39. Kh3 Rxc4 40. Nh6+ Kh8 41. Nf7+ Rxf7 42. exf7 Qd7+ 43. Qe6 Qc8 44. Qxc8+ Rxc8 45. Re1 Kh7 46. Re8 Rc2 47. f8=Q 1-0